 Dungeon Crawl Stone Soup version 0.21-a0-552-g593960d (webtiles) character file.

767 tidbits the Grave Robber (level 7, 0/51 HPs)
             Began as a Gnoll Necromancer on Dec 17, 2017.
             Was a Follower of Cheibriados.
             Slain by a two-headed ogre
             ... wielding a +0 giant club
              (21 damage)
             ... on level 6 of the Dungeon.
             The game lasted 00:12:43 (1415 turns).

tidbits the Grave Robber (Gnoll Necromancer)        Turns: 1415, Time: 00:12:44

Health: 0/51       AC:  9    Str: 12    XL:     7   Next: 82%
Magic:  5/15       EV: 15    Int: 26    God:    Cheibriados [*.....]
Gold:   46         SH:  0    Dex: 17    Spells: 9/17 levels left

rFire    + . .     SeeInvis .   a - +2 mace of Mandamus {crush, rElec rF+ Int+4} (curse)
rCold    + . .     Gourm    .   (no shield)
rNeg     . . .     Faith    .   B - +2 robe {rC+}
rPois    .         Spirit   .   E - +2 helmet
rElec    +         Reflect  .   C - +1 cloak
rCorr    .         Harm     .   (no gloves)
MR       .....                  (no boots)
Stlth    +++.......             m - amulet of regeneration
HPRegen  0.57/turn              (no ring)
MPRegen  0.14/turn              (no ring)

@: very slow
A: distributed training, fangs 1, strong nose
a: Bend Time, Renounce Religion


You were on level 6 of the Dungeon.
You worshipped Cheibriados.
Cheibriados was aware of your devotion.
You were not hungry.

You visited 2 branches of the dungeon, and saw 7 of its levels.

You collected 137 gold pieces.
You spent 91 gold pieces at shops.

Inventory:

Hand Weapons
 a - the cursed +2 mace of Mandamus (weapon) {crush, rElec rF+ Int+4}
   (You found it on level 4 of the Dungeon)

   It inflicts extra damage upon your enemies.
   It affects your intelligence (+4).
   It protects you from fire.
   It insulates you from electricity.
   It has a curse placed upon it.
 f - a +0 dagger
 x - a +0 trident
 z - a cursed -1 scythe
 G - a +0 short sword
Missiles
 i - 20 stones
 j - 36 bolts
 n - 26 sling bullets
 p - 6 javelins (quivered)
 q - 46 arrows
 F - 3 tomahawks of returning
Armour
 h - a +0 robe
 v - a +0 leather armour
 w - a +1 leather armour of fire resistance
   (You found it on level 4 of the Dungeon)
 B - a +2 robe of cold resistance (worn)
   (You found it on level 2 of the Dungeon)
 C - a +1 cloak (worn)
 E - a +2 helmet (worn)
Jewellery
 d - an uncursed amulet of harm {unknown}
   (You found it on level 3 of the Dungeon)
 m - an amulet of regeneration (around neck)
   (You found it on level 3 of the Dungeon)
 y - an uncursed amulet of faith {unknown}
   (You found it on level 4 of the Dungeon)
Scrolls
 e - a scroll of teleportation
 k - a scroll of blinking {unknown}
 l - a scroll of fog {unknown}
 r - 2 scrolls of remove curse
 s - a scroll of magic mapping
 t - a scroll of identify {unknown}
 A - 2 scrolls of amnesia
Potions
 g - 2 potions of cancellation {unknown}
 u - a potion of brilliance {unknown}
 D - a potion of might {unknown}
 H - 2 potions of curing {unknown}
 I - 2 potions of magic {unknown}
 J - a potion of ambrosia {unknown}
Books
 b - a book of Necromancy

   Spells                             Type                      Level
   a - Pain                           Necromancy                   1
   b - Animate Skeleton               Necromancy                   1
   c - Vampiric Draining              Necromancy                   3
   d - Regeneration                   Charms/Necromancy            3
   e - Animate Dead                   Necromancy                   4
   f - Control Undead                 Necromancy                   4
Comestibles
 c - 3 bread rations


   Skills:
 + Level 2.6 Fighting
 + Level 2.6 Short Blades
 + Level 2.6 Long Blades
 + Level 2.6 Axes
 + Level 2.6 Maces & Flails
 + Level 2.6 Polearms
 + Level 2.6 Staves
 + Level 2.6 Slings
 + Level 2.6 Bows
 + Level 2.6 Crossbows
 + Level 2.6 Throwing
 + Level 2.6 Armour
 + Level 5.3 Dodging
 + Level 5.0 Stealth
 + Level 2.6 Shields
 + Level 2.6 Unarmed Combat
 + Level 5.7 Spellcasting
 + Level 2.1 Conjurations
 + Level 2.1 Hexes
 + Level 2.1 Charms
 + Level 2.1 Summonings
 + Level 7.4 Necromancy
 + Level 2.1 Translocations
 + Level 2.1 Transmutations
 + Level 2.1 Fire Magic
 + Level 2.1 Ice Magic
 + Level 2.1 Air Magic
 + Level 2.1 Earth Magic
 + Level 2.1 Poison Magic
 + Level 3.0 Invocations
 + Level 2.6 Evocations


You had 9 spell levels left.
You knew the following spells:

 Your Spells              Type           Power        Failure   Level  Hunger
a - Pain                  Necr           ####         1%          1    None
n - Animate Skeleton      Necr           N/A          1%          1    None
r - Regeneration          Chrm/Necr      ####......   3%          3    #......
v - Vampiric Draining     Necr           #####.....   1%          3    #......


Dungeon Overview and Level Annotations

Branches:
Dungeon (6/15)             Temple (1/1) D:4

Altars:
Cheibriados
Elyvilon
Gozag
Hepliaklqana
Kikubaaqudgha
Nemelex Xobeh
Okawaru
Qazlal
Ru
Sif Muna
Trog
Uskayaw
Vehumet
Xom
Yredelemnul

Shops:
D:4 *


Innate Abilities, Weirdness & Mutations

Your experience applies equally to all skills.
You have very sharp teeth.
Your uncanny sense of smell can sniff out nearby items.


Message History

Confirm with . or Enter, or press ? or * to list all spells.
Aiming: Pain
Press: ? - help, Shift-Dir - straight line, f - giant cockroach
Aim: a giant cockroach (resting, chance to defeat MR: 93%)
The giant cockroach writhes in agony!
You kill the giant cockroach!
Cheibriados appreciates the change of pace.
Found a meat ration.
Found 4 gold pieces.
You see here 4 gold pieces.
You now have 46 gold pieces (gained 4).
A bullfrog zombie comes into view.
Casting: Pain
Confirm with . or Enter, or press ? or * to list all spells.
Your skin crawls.
Found a ring mail.
The bullfrog zombie hits you. The bullfrog zombie barely misses you.
You hit the bullfrog zombie. You bite the bullfrog zombie.
The bullfrog zombie is lightly damaged.
Your skin is crawling a little less now.
The bullfrog zombie barely misses you.
The bullfrog zombie hits you but does no damage.
You hit the bullfrog zombie.
The bullfrog zombie is moderately damaged.
The bullfrog zombie barely misses you.
You barely miss the bullfrog zombie. Your bite misses the bullfrog zombie.
The bullfrog zombie is moderately damaged.
The bullfrog zombie hits you but does no damage. x2
You hit the bullfrog zombie.
The bullfrog zombie is moderately damaged.
The bullfrog zombie hits you.
The bullfrog zombie hits you but does no damage.
You thump the bullfrog zombie! You bite the bullfrog zombie.
The bullfrog zombie is severely damaged.
Your skin stops crawling.
The bullfrog zombie hits you but does no damage.
You barely miss the bullfrog zombie. You bite the bullfrog zombie.
The bullfrog zombie is severely damaged.
The bullfrog zombie closely misses you. The bullfrog zombie barely misses you.
You sock the bullfrog zombie!
You destroy the bullfrog zombie!
Cheibriados thoroughly appreciates the change of pace.
Your Invocations skill increases to level 3!
A two-headed ogre comes into view.
It is wielding a giant club and a giant spiked club.
Unknown command.
Casting: Regeneration
Confirm with . or Enter, or press ? or * to list all spells.
Aiming: Pain
Press: ? - help, Shift-Dir - straight line, f - two-headed ogre
Aim: a two-headed ogre, wielding a giant club and a giant spiked club (hasn't noticed you, chance to defeat MR: 71%)
The two-headed ogre shouts in stereo!
The two-headed ogre writhes in agony!
A bullfrog skeleton comes into view.
Casting: Pain
Confirm with . or Enter, or press ? or * to list all spells.
Aiming: Pain
Press: ? - help, Shift-Dir - straight line, f/p - two-headed ogre
Aim: a two-headed ogre, wielding a giant club and a giant spiked club (lightly wounded, chance to defeat MR: 71%)
The two-headed ogre struggles to resist.
Casting: Pain
Confirm with . or Enter, or press ? or * to list all spells.
Aiming: Pain
Press: ? - help, Shift-Dir - straight line, f/p - two-headed ogre
Aim: a two-headed ogre, wielding a giant club and a giant spiked club (lightly wounded, chance to defeat MR: 71%)
The two-headed ogre struggles to resist.
Casting: Pain
Confirm with . or Enter, or press ? or * to list all spells.
Aiming: Pain
Press: ? - help, Shift-Dir - straight line, f/p - two-headed ogre
Aim: a two-headed ogre, wielding a giant club and a giant spiked club (lightly wounded, chance to defeat MR: 71%)
The two-headed ogre struggles to resist.
Casting: Pain
Confirm with . or Enter, or press ? or * to list all spells.
Aiming: Pain
Press: ? - help, Shift-Dir - straight line, f/p - two-headed ogre
Aim: a two-headed ogre, wielding a giant club and a giant spiked club (lightly wounded, chance to defeat MR: 71%)
The two-headed ogre struggles to resist.
The two-headed ogre barely misses you. The two-headed ogre misses you.
Casting: Pain
Confirm with . or Enter, or press ? or * to list all spells.
Aiming: Pain
Press: ? - help, Shift-Dir - straight line, f/p - two-headed ogre
Aim: a two-headed ogre, wielding a giant club and a giant spiked club (lightly wounded, chance to defeat MR: 71%)
The two-headed ogre writhes in agony!
The bullfrog skeleton completely misses you.
The two-headed ogre barely misses you.
The two-headed ogre completely misses you.
Casting: Pain
Confirm with . or Enter, or press ? or * to list all spells.
Aiming: Pain
Press: ? - help, Shift-Dir - straight line, f/p - two-headed ogre
Aim: a two-headed ogre, wielding a giant club and a giant spiked club (moderately wounded, chance to defeat MR: 71%)
The two-headed ogre struggles to resist.
The bullfrog skeleton completely misses you.
The bullfrog skeleton hits you but does no damage.
The two-headed ogre hits you with a giant club!!
Ouch! That really hurt!
* * * LOW HITPOINT WARNING * * *
The two-headed ogre hits you with a giant spiked club!!
You die...

#......#...#
#....###...##
#...####....##
#....#.......#
#......_.#...#
#....#...###.#
#######.).###.##
.#
.........####.# #
#
....%..O@..##....
#.#####Z.........
#.#.####.## #.#.#
.# ∆ .[#.# ∆
####.# #.# #.#
..#


You could see a two-headed ogre and a bullfrog skeleton.

Vanquished Creatures
  Sigmund (D:4)
  Duvessa (D:4)
  Dowan (D:4)
  2 scorpions (D:4)
  A bullfrog zombie (D:6)
  A jelly (D:5)
  Crazy Yiuf (D:4)
  3 worker ants
  3 adders
  A shadow imp (D:5)
  An adder skeleton (D:4)
  An adder zombie (D:2)
  A worm (D:4)
  A leopard gecko (D:4)
  5 orcs
  A bat (D:3)
  A giant cockroach (D:6)
  2 goblins
  2 hobgoblins
  8 jackals
  4 kobolds
  A quokka (D:4)
  3 ball pythons
  2 rats
48 creatures vanquished.

Vanquished Creatures (others)
  Eustachio (D:4)
1 creature vanquished.

Grand Total: 49 creatures vanquished

Notes
Turn   | Place    | Note
-------+----------+-------------------------------------------
     0 | D:1      | tidbits the Gnoll Necromancer began the quest for the Orb.
     0 | D:1      | Reached XP level 1. HP: 13/13 MP: 6/6
    87 | D:2      | Reached XP level 2. HP: 5/19 MP: 7/7
    90 | D:2      | Learned a level 1 spell: Animate Skeleton
   147 | D:2      | Found a radiant altar of Vehumet.
   313 | D:3      | Reached XP level 3. HP: 11/25 MP: 7/9
   318 | D:3      | Learned a level 3 spell: Regeneration
   323 | D:3      | Learned a level 3 spell: Vampiric Draining
   403 | D:3      | Reached skill level 5 in Spellcasting
   489 | D:3      | Reached skill level 1 in Invocations
   580 | D:4      | Found a hide-covered altar of Uskayaw.
   580 | D:4      | Found a sacrificial altar of Ru.
   580 | D:4      | Found an ancient bone altar of Kikubaaqudgha.
   580 | D:4      | Found a sparkling altar of Nemelex Xobeh.
   580 | D:4      | Found a white marble altar of Elyvilon.
   580 | D:4      | Found a bloodstained altar of Trog.
   603 | D:2      | Reached skill level 1 in Fighting
   603 | D:2      | Reached skill level 1 in Short Blades
   603 | D:2      | Reached skill level 1 in Long Blades
   603 | D:2      | Reached skill level 1 in Axes
   603 | D:2      | Reached skill level 1 in Maces & Flails
   603 | D:2      | Reached skill level 1 in Polearms
   603 | D:2      | Reached skill level 1 in Staves
   603 | D:2      | Reached skill level 1 in Slings
   603 | D:2      | Reached skill level 1 in Bows
   603 | D:2      | Reached skill level 1 in Crossbows
   603 | D:2      | Reached skill level 1 in Throwing
   603 | D:2      | Reached skill level 1 in Armour
   603 | D:2      | Reached skill level 1 in Shields
   603 | D:2      | Reached skill level 1 in Unarmed Combat
   603 | D:2      | Reached skill level 1 in Evocations
   683 | D:4      | Reached XP level 4. HP: 32/32 MP: 9/11
   698 | D:4      | Found a staircase to the Ecumenical Temple.
   717 | D:4      | Noticed Eustachio
   719 | Temple   | Entered the Ecumenical Temple
   754 | Temple   | Became a worshipper of Cheibriados the Contemplative
   794 | D:4      | Killed Eustachio
   794 | D:4      | Reached skill level 1 in Conjurations
   794 | D:4      | Reached skill level 1 in Hexes
   794 | D:4      | Reached skill level 1 in Charms
   794 | D:4      | Reached skill level 1 in Summonings
   794 | D:4      | Reached skill level 1 in Translocations
   794 | D:4      | Reached skill level 1 in Transmutations
   794 | D:4      | Reached skill level 1 in Fire Magic
   794 | D:4      | Reached skill level 1 in Ice Magic
   794 | D:4      | Reached skill level 1 in Air Magic
   794 | D:4      | Reached skill level 1 in Earth Magic
   794 | D:4      | Reached skill level 1 in Poison Magic
   794 | D:4      | Reached XP level 5. HP: 34/37 MP: 5/12
   844 | D:4      | Noticed Sigmund
   851 | D:4      | Killed Sigmund
   851 | D:4      | Reached skill level 2 in Fighting
   851 | D:4      | Reached skill level 2 in Short Blades
   851 | D:4      | Reached skill level 2 in Long Blades
   851 | D:4      | Reached skill level 2 in Axes
   851 | D:4      | Reached skill level 2 in Maces & Flails
   851 | D:4      | Reached skill level 2 in Polearms
   851 | D:4      | Reached skill level 2 in Staves
   851 | D:4      | Reached skill level 2 in Slings
   851 | D:4      | Reached skill level 2 in Bows
   851 | D:4      | Reached skill level 2 in Crossbows
   851 | D:4      | Reached skill level 2 in Throwing
   851 | D:4      | Reached skill level 2 in Armour
   851 | D:4      | Reached skill level 5 in Dodging
   851 | D:4      | Reached skill level 2 in Shields
   851 | D:4      | Reached skill level 2 in Unarmed Combat
   851 | D:4      | Reached skill level 2 in Invocations
   851 | D:4      | Reached skill level 2 in Evocations
   851 | D:4      | Reached XP level 6. HP: 30/44 MP: 0/14
   861 | D:4      | Noticed Duvessa
   926 | D:4      | Found Zity's General Store.
   929 | D:4      | Bought a scroll of teleportation for 42 gold pieces
   929 | D:4      | Bought a scroll of amnesia for 49 gold pieces
   939 | D:5      | Entered Level 5 of the Dungeon
   968 | D:4      | Reached XP level 7. HP: 35/50 MP: 4/15
  1104 | D:4      | Found a runed door.
  1108 | D:4      | Noticed Crazy Yiuf
  1112 | D:4      | Killed Crazy Yiuf
  1117 | D:4      | Got an iridescent mace
  1118 | D:4      | Identified the cursed +2 mace of Mandamus {crush, rElec rF+ Int+4} (You found it on level 4 of the Dungeon)
  1279 | D:4      | Noticed Dowan
  1284 | D:4      | Killed Duvessa
  1284 | D:4      | Reached skill level 2 in Conjurations
  1284 | D:4      | Reached skill level 2 in Hexes
  1284 | D:4      | Reached skill level 2 in Charms
  1284 | D:4      | Reached skill level 2 in Summonings
  1284 | D:4      | Reached skill level 2 in Translocations
  1284 | D:4      | Reached skill level 2 in Transmutations
  1284 | D:4      | Reached skill level 2 in Fire Magic
  1284 | D:4      | Reached skill level 2 in Ice Magic
  1284 | D:4      | Reached skill level 2 in Air Magic
  1284 | D:4      | Reached skill level 2 in Earth Magic
  1284 | D:4      | Reached skill level 2 in Poison Magic
  1289 | D:4      | Killed Dowan
  1289 | D:4      | Reached * piety under Cheibriados
  1341 | D:5      | Reached skill level 5 in Stealth
  1380 | D:6      | Found a bloodstained altar of Trog.
  1407 | D:6      | Reached skill level 3 in Invocations
  1408 | D:6      | Noticed a two-headed ogre
  1415 | D:6      | Slain by a two-headed ogre

Vault maps used:
D:1:      lemuel_arrival_hallway, minmay_tetromino_t2
D:2:      vehumet_crystals, serial_undead, serial_undead_d, serial_undead_c,
          serial_undead_a, serial_undead_b, minivault_25, uniq_jessica
D:3:      kennysheep_goblin_castle, makhleb_grotto_becter,
          minmay_misc_feat_doors
D:4:      grunt_temple_overflow_open, minmay_temple_entry_junction_2,
          serial_shops, nicolae_shop_window_shopping,
          minmay_misc_feat_four_crosses, kennysheep_potato,
          uniq_crazy_yiuf_cottage, uniq_sigmund, uniq_duvessa, uniq_eustachio
D:5:      first_bread, serial_shops, kennysheep_mini,
          minmay_misc_feat_nine_boxes, hangedman_abyss_or_decor_passed,
          uniq_pikel, uniq_grinder
D:6:      lemuel_round_altar, trog_three_pillars_becter, uniq_edmund,
          uniq_prince_ribbit1
Temple:   jpeg_temple_alley_garden

Skill      XL: |  1  2  3  4  5  6  7 |
---------------+----------------------+-----
Spellcasting   | 5 |  5.7
Invocations    | 1 2 3 |  3.0
Fighting       | 1 2 |  2.6
Short Blades   | 1 2 |  2.6
Long Blades    | 1 2 |  2.6
Axes           | 1 2 |  2.6
Maces & Flails | 1 2 |  2.6
Polearms       | 1 2 |  2.6
Staves         | 1 2 |  2.6
Slings         | 1 2 |  2.6
Bows           | 1 2 |  2.6
Crossbows      | 1 2 |  2.6
Throwing       | 1 2 |  2.6
Armour         | 1 2 |  2.6
Shields        | 1 2 |  2.6
Unarmed Combat | 1 2 |  2.6
Evocations     | 1 2 |  2.6
Conjurations   | 1 2 |  2.1
Hexes          | 1 2 |  2.1
Charms         | 1 2 |  2.1
Summonings     | 1 2 |  2.1
Translocations | 1 2 |  2.1
Transmutations | 1 2 |  2.1
Fire Magic     | 1 2 |  2.1
Ice Magic      | 1 2 |  2.1
Air Magic      | 1 2 |  2.1
Earth Magic    | 1 2 |  2.1
Poison Magic   | 1 2 |  2.1
Dodging        | 5 |  5.3
Stealth        | 5 |  5.0
Necromancy     | |  7.4

Action                   |  1- 3 |  4- 6 |  7- 9 || total
-------------------------+-------+-------+-------++-------
Melee: Dagger            |    22 |       |       ||    22
       Bite              |     3 |       |     3 ||     6
       Short sword       |    10 |       |       ||    10
       Mace              |       |       |     9 ||     9
Throw: Javelin           |     1 |       |       ||     1
       Stone             |     1 |       |       ||     1
 Cast: Pain              |    39 |    38 |    46 ||   123
       Regeneration      |     2 |       |     2 ||     4
       Vampiric Draining |     2 |       |     1 ||     3
  Use: Potion            |     1 |       |       ||     1
       Scroll            |       |     1 |     3 ||     4
  Eat: Fruit             |     1 |       |       ||     1
       Royal jelly       |     1 |     1 |       ||     2
Armor: Robe              |     6 |     2 |    10 ||    18
Dodge: Dodged            |    39 |     9 |    25 ||    73

Table legend:
 A = Spawn XP
 B = Non-spawn XP
 C = Spawn XP percentage of total XP
 D = Spawn monster count
 E = Non-spawn monster count
 F = Spawn count percentage of total count
 G = Total turns spent on level
                    A         B        C        D         E        F      G
               +---------+---------+-------+---------+---------+-------+---------
         Total |       0 |    1097 |   0.0 |       0 |      49 |   0.0 |  1415
               +---------+---------+-------+---------+---------+-------+---------
           D:2 |       0 |      36 |   0.0 |       0 |      13 |   0.0 |   213
           D:3 |       0 |      45 |   0.0 |       0 |      12 |   0.0 |   434
           D:4 |       0 |     879 |   0.0 |       0 |      19 |   0.0 |   564
           D:5 |       0 |      88 |   0.0 |       0 |       3 |   0.0 |    83
           D:6 |       0 |      49 |   0.0 |       0 |       2 |   0.0 |    35
               +---------+---------+-------+---------+---------+-------+---------

Table legend:
 A = Turns spent in this place as a percentage of turns spent in the entire game.
 B = Non-inter-level travel turns spent in this place as a percentage of non-inter-level travel turns spent in the entire game.
 C = Inter-level travel turns spent in this place as a percentage of turns spent in this place.
 D = Turns resting spent in this place as a percentage of non-inter-level travel turns spent in this place.
 E = Turns spent auto-exploring this place as a percentage of non-inter-level travel turns spent in this place.
 F = Non-inter-level travel turns spent in this place divided by the number of levels of this place that you've seen.
                   A       B       C       D       E      F
               +-------+-------+-------+-------+-------+----------------------
         Total | 100.0 | 100.0 |   2.8 |   0.0 |   0.0 | 196.4
       Dungeon |  95.1 |  97.3 |   0.6 |   0.0 |   0.0 | 223.0
        Temple |   4.9 |   2.7 |  46.4 |   0.0 |   0.0 |  37.0
               +-------+-------+-------+-------+-------+----------------------

Table legend:
 A = Kills in this place as a percentage of kills in entire the game.
 B = Kills by you in this place as a percentage of kills by you in the entire game.
 C = Kills by friends in this place as a percentage of kills by friends in the entire game.
 D = Other kills in this place as a percentage of other kills in the entire game.
 E = Experience gained in this place as a percentage of experience gained in the entire game.
 F = Experience gained in this place divided by the number of levels of this place that you have seen.
                   A       B       C       D       E      F
               +-------+-------+-------+-------+-------+----------------------
         Total | 100.0 | 100.0 |   N/A | 100.0 | 100.0 | 156.7
       Dungeon | 100.0 | 100.0 |   N/A | 100.0 | 100.0 | 182.8
               +-------+-------+-------+-------+-------+----------------------

Vault maps used:
D:1:      lemuel_arrival_hallway, minmay_tetromino_t2
D:2:      vehumet_crystals, serial_undead, serial_undead_d, serial_undead_c,
          serial_undead_a, serial_undead_b, minivault_25, uniq_jessica
D:3:      kennysheep_goblin_castle, makhleb_grotto_becter,
          minmay_misc_feat_doors
D:4:      grunt_temple_overflow_open, minmay_temple_entry_junction_2,
          serial_shops, nicolae_shop_window_shopping,
          minmay_misc_feat_four_crosses, kennysheep_potato,
          uniq_crazy_yiuf_cottage, uniq_sigmund, uniq_duvessa, uniq_eustachio
D:5:      first_bread, serial_shops, kennysheep_mini,
          minmay_misc_feat_nine_boxes, hangedman_abyss_or_decor_passed,
          uniq_pikel, uniq_grinder
D:6:      lemuel_round_altar, trog_three_pillars_becter, uniq_edmund,
          uniq_prince_ribbit1
Temple:   jpeg_temple_alley_garden
